Map: Royal Blood LE

Players

BoneSaw

  • Race: Protoss Protoss
  • League: Silver
  • Spawn Location: 7:00

memories - Winner!

  • Race: Zerg Zerg
  • League: Diamond
  • Spawn Location: 1:00

VOD

Have the link to the VOD?

Description

Time

  • Played on: May 11, 2023, 10:17 p.m.
  • Length: 6:12
Show
View Real Time Build Order
Export as new Build Order

BoneSaw Protoss 

Build Orders: 1 Gate Expand 

Get SALT Encoding   

  12  0:02  Probe  
  13  0:16  Pylon  
  13  0:17  Probe  
  14  0:35  Gateway  
  14  0:46  Probe  
  14  0:49  Assimilator  
  15  0:58  Probe  
  16  1:10  Probe  
  17  1:20  Nexus  
  17  1:28  Probe  
  18  1:38  Cybernetics Core  
  18  1:45  Probe  
  19  1:49  Assimilator  
  19  2:03  Pylon  
  19  2:12  Stalker (Chrono Boost)  
  21  2:21  Probe  
  22  2:25  Twilight Council  
  22  2:32  Probe  
  22  2:33  Probe  
  24  2:39  Warp Gate  
  24  2:45  Probe  
  25  3:06  Robotics Facility  
  25  3:07  Probe x2  
  27  3:20  Gateway  
  27  3:22  Charge (Chrono Boost), Probe  
  27  3:23  Gateway, Probe  
  29  3:36  Probe x2  
  31  3:50  Warp Prism (Chrono Boost)  
  31  3:51  Pylon  
  33  3:56  Probe x2  
  35  4:03  Pylon  
  35  4:08  Probe  
  36  4:16  Immortal (Chrono Boost)  
  40  4:29  Zealot x2  
  40  4:30  Zealot  
  46  4:45  Pylon  
  46  4:47  Gateway  
  46  4:51  Gateway  
  46  4:52  Immortal (Chrono Boost)  
  46  5:09  Pylon  
  46  5:12  Pylon  
  46  5:15  Gateway, Zealot  
  46  5:19  Gateway  
  48  5:26  Immortal (Chrono Boost)  
  48  5:31  Zealot x2  
  56  5:35  Zealot  
  58  5:43  Pylon  
  58  5:44  Pylon  
  58  5:55  Zealot x4  
Show
View Real Time Build Order
Export as new Build Order

memories Zerg - Winner!

Build Orders: Hatch First 

Get SALT Encoding   

  12  0:02  Drone  
  13  0:12  Overlord  
  13  0:17  Drone  
  14  0:30  Drone x2  
  16  0:49  Hatchery  
  15  0:52  Drone  
  15  0:56  Drone  
  17  0:59  Drone  
  18  1:10  Extractor  
  17  1:15  Spawning Pool  
  16  1:23  Drone x2  
  18  1:28  Drone  
  19  1:42  Drone  
  20  1:57  Overlord  
  20  2:02  Zergling x2  
  20  2:03  Queen x2, Zergling x2  
  26  2:16  Metabolic Boost  
  26  2:19  Drone x2  
  28  2:23  Drone x2  
  30  2:35  Overlord  
  30  2:37  Drone  
  31  2:44  Queen  
  31  2:45  Drone x2  
  35  2:54  Drone  
  36  3:02  Hatchery  
  36  3:05  Drone  
  36  3:11  Drone x2  
  38  3:20  Roach Warren  
  38  3:23  Overlord  
  38  3:25  Drone x2  
  38  3:26  Drone  
  40  3:37  Overlord  
  40  3:39  Zergling x2  
  40  3:40  Zergling x4  
  43  3:51  Overlord  
  43  3:52  Drone x2  
  43  3:54  Drone  
  43  3:55  Drone x2  
  48  3:56  Drone x2  
  50  4:08  Zergling x2  
  50  4:09  Zergling x2  
  52  4:15  Roach x2  
  56  4:22  Roach x3  
  56  4:23  Roach x2  
  66  4:25  Queen  
  66  4:30  Extractor x2  
  66  4:32  Extractor  
  66  4:33  Drone x5  
  66  4:34  Extractor  
  64  4:53  Roach  
  64  4:54  Roach x4  
  74  5:04  Overlord x2  
  74  5:13  Overlord x2  
  74  5:16  Overlord  
  74  5:22  Drone x6  
  74  5:24  Ravager x3  
  74  5:25  Ravager  
  74  5:26  Zergling x2  
  85  5:29  Zergling x2  
  85  5:34  Zergling x2  
  85  5:35  Zergling x16  
  95  5:39  Zergling x2  
Tags
 
Add a new tag
Caveats
  • Supply blocks, unpowered buildings, or Contaminate may cause inaccurate times.
  • Supply counts are checked every 10 seconds.